 Dungeon Crawl Stone Soup version 0.32-a0-918-g0f22ef8d61 (webtiles) character file.

Game seed: 11328590052562553549

3492 Drazool the Skirmisher (level 10, -1/72 HPs)
             Began as a Coglin Hunter on Apr 9, 2024.
             Was an Initiate of Cheibriados.
             Succumbed to a killer bee's poison
             ... on level 8 of the Dungeon on Apr 10, 2024.
             The game lasted 00:33:13 (11347 turns).

Drazool the Skirmisher (Coglin Hunter)             Turns: 11347, Time: 00:33:13

Health: -1/72      AC:  6    Str: 13    XL:     10   Next: 7%
Magic:  12/12      EV: 14    Int:  9    God:    Cheibriados [......]
Gold:   275        SH:  0    Dex: 23    Spells: 9/9 levels left

rFire   . . .        d - +1 sling {Dongyul}
rCold   . . .        q - +0 sling {Ingrid}
rNeg    . . .        e - +0 steam dragon scales
rPois   .            (no helmet)
rElec   .            (no cloak)
rCorr   .            c - +0 pair of gloves
SInv    .            (no boots)
Will    +....        (amulet unavailable)
Stlth   +++          (ring unavailable)
HPRegen 0.32/turn    (ring unavailable)
MPRegen 0.13/turn    (no gizmo)

%: no passive effects
@: lethally poisoned (-1 -> -8), about to teleport, hasted, quick
A: off-hand wielding, slow wielding, warmup strikes, no jewellery, strong-willed
1
a: Invent Gizmo, Renounce Religion


You were on level 8 of the Dungeon.
You worshipped Cheibriados.
Cheibriados was noncommittal.
You visited 2 branches of the dungeon, and saw 10 of its levels.

You collected 414 gold pieces.
You spent 106 gold pieces at shops.
You donated 33 gold pieces to Zin.


Innate Abilities, Weirdness & Mutations

You can wield a second weapon in your off-hand.
It takes a long time for you to wield or remove held weapons.
Your first few attacks do less damage.
You cannot equip rings or amulets.
You are strong-willed. (Will+)


   Skills:
 + Level 4.2 Fighting
 - Level 11.4 Ranged Weapons
 - Level 4.0 Dodging
 - Level 3.0 Stealth
 - Level 3.0 Invocations


You had 9 spell levels left.
You didn't know any spells.
Your spell library was empty.

Inventory:

Hand Weapons
 a - a +2 sling of draining {Kun}
 d - a +1 sling (weapon) {Dongyul}
 m - a +1 dagger of venom
 q - a +0 sling (offhand) {Ingrid}
Missiles
 r - 49 poisoned darts
Armour
 c - a +0 pair of gloves (worn)
 e - +0 steam dragon scales (worn)
Magical Staves
 h - a staff of conjuration {!a}
Wands
 j - a wand of roots (4)
 v - a wand of flame (13)
Scrolls
 f - 4 scrolls of immolation
 l - a scroll of vulnerability
 o - a scroll of silence {!r}
 w - a scroll of identify {@r1}
Potions
 g - a potion of attraction
 i - a potion of berserk rage {!q}
 k - 3 potions of mutation
 n - 3 potions of enlightenment
 t - 2 potions of lignification
 u - a potion of haste {@q3}

Dungeon Overview and Level Annotations

Branches:
Dungeon (9/15)             Temple (1/1) D:5
   Lair: D:8-11         Orc: D:9-12

Altars:
Ashenzari
Cheibriados
Dithmenos
Elyvilon
Fedhas
Hepliaklqana
Nemelex Xobeh
Qazlal
Sif Muna
Vehumet
Wu Jian
Yredelemnul
Zin
The Shining One

Shops:
D:4 *[(=*   D:9 [

Annotations:
D:8 Jeremiah

### ### #.#
#.############### #.#
#..............<#
#.####.###########)..##
#....#.# #.≈..# #.##.#.#
##..⚑.# #.##.#.# #..≈..#
###
#.##.#.##########....##
#<#
#.........y@y.......##
#.# ####.#.######...#...#
#.# #.#.#
###.##.######### #.#
#.#.########.##..........
#.#
#.#.##....##..#######)...
#.# #.#.##....###.##
#.... #.#
#...........#..# #....
##.########.#######.##.#
###....
#..#..............#.##.#
#......


You could see 2 killer bees.


Message History

The killer bee attacks as it pursues you!
The killer bee stings you.
* * * LOW HITPOINT WARNING * * *
The killer bee stings you but does no damage.
The killer bee closely misses you. x2
The killer bee stings you but does no damage.
There is a stone staircase leading up here.
Unknown command.
The killer bee stings you.
* * * LOW HITPOINT WARNING * * *
The killer bee stings you!
* * * LOW HITPOINT WARNING * * *
The killer bee misses you. The killer bee closely misses you.
You climb upwards.
Level annotation: Jeremiah
There is a stone staircase leading down, spattered with blood here.
Unknown command.
Okay, then.
As you read the scroll of teleportation {@r2}, it crumbles to dust.
You feel strangely unstable. The killer bee barely misses you.
The killer bee stings you.
* * * LOW HITPOINT WARNING * * *
The killer bee stings you.
* * * LOW HITPOINT WARNING * * *
You are lethally poisoned!
The killer bee poisons you! The killer bee barely misses you.
It was a potion of haste.
You feel yourself speed up.
Cheibriados forgives your accidental hurry, just this once.
You die...
Cheibriados appreciates the motionlessness of death.

Skill      XL: |  1  2  3  4  5  6  7  8  9 |
---------------+----------------------------+-----
Ranged Weapons | 4 5 6 7 8 11 | 11.4
Fighting       | 4 |  4.2
Dodging        | 2 4 |  4.0
Invocations    | 3 |  3.0
Stealth        | 3 |  3.0

Action                     |  1- 3 |  4- 6 |  7- 9 | 10-12 || total
---------------------------+-------+-------+-------+-------++-------
   Fire: Sling             |   168 |   280 |   796 |   110 ||  1354
  Throw: Dart              |       |       |     3 |       ||     3
  Evoke: Wand              |       |       |     4 |       ||     4
    Use: Scroll            |       |     8 |     9 |     3 ||    20
         Potion            |       |     1 |     5 |     2 ||     8
 Armour: Leather armour    |     4 |    38 |   154 |       ||   196
         Steam dragon scal |       |       |    45 |    20 ||    65
  Dodge: Dodged            |     8 |    13 |   191 |    26 ||   238

Levels and vault maps discovered:
D:1:      psy_arrival_radial02, layout_basic, minmay_pentomino_p4
D:2:      layout_basic
D:3:      layout_loops_cross
D:4:      kennysheep_kobold_camp, layout_cave_pools, lemuel_doored_altar,
          serial_shops, shop, nicolae_shop_dealshenge,
          nicolae_shop_behind_doors, nicolae_shop_waterfront, shop,
          nrook_mini_vaults, st_stairs_4, uniq_duvessa
D:5:      layout_basic, grunt_temple_overflow_forces_of_nature,
          minmay_temple_entry_enclosed_plants, minivault_11
D:6:      minmay_chambers_of_fours, layout_layer_cave
D:7:      layout_basic, pdpol_wu_jian_five_deadly_venoms, elyvilon_altar_5,
          minmay_misc_feat_diagonals, nicolae_letterblocks
          [nicolae_letter_subblock, nicolae_letter_subblock,
          nicolae_letter_subblock, nicolae_letter_subblock,
          nicolae_letter_subblock, nicolae_letter_subblock,
          nicolae_letter_subblock, nicolae_letter_subblock,
          nicolae_letter_subblock, nicolae_letter_subblock,
          nicolae_letter_subblock, nicolae_letter_subblock,
          nicolae_letter_subblock, nicolae_letter_subblock,
          nicolae_letter_subblock, nicolae_letter_subblock,
          nicolae_letter_subblock, nicolae_letter_subblock,
          nicolae_letter_subblock, nicolae_letter_subblock,
          nicolae_letter_subblock, nicolae_letter_subblock,
          nicolae_letter_subblock, nicolae_letter_subblock,
          nicolae_letter_subblock]
D:8:      layout_basic, ashenzari_conservatory_becter, hangedman_feature_mirror,
          minivault_24, lemuel_flamethrower_1, uniq_jeremiah
D:9:      layout_grid_maze, gammafunk_temple_overflow_elements,
          mainiacjoe_overflow_concentric_impassable, minmay_shop_chei,
          minmay_fountain_box, disabler_island
Temple:   hellmonk_temple_flake

Notes
Turn   | Place    | Note
-------+----------+-------------------------------------------
     0 | D:1      | Drazool the Coglin Hunter began the quest for the Orb.
     0 | D:1      | Reached XP level 1. HP: 16/16 MP: 1/1
   163 | D:1      | Reached skill level 4 in Ranged Weapons
   163 | D:1      | Reached XP level 2. HP: 22/22 MP: 2/2
   468 | D:1      | Reached XP level 3. HP: 27/27 MP: 3/3
  1358 | D:3      | Reached skill level 5 in Ranged Weapons
  1358 | D:3      | Reached XP level 4. HP: 29/33 MP: 4/4
  1553 | D:3      | Reached XP level 5. HP: 13/38 MP: 5/5
  1988 | D:3      | Reached skill level 6 in Ranged Weapons
  2160 | D:3      | Identified the +6 morningstar of Calamity {flame, ^Contam
                  | rF+ Int+4}
  2397 | D:4      | Noticed a phantom
  2402 | D:3      | Reached XP level 6. HP: 40/44 MP: 6/6
  2459 | D:4      | Reached skill level 7 in Ranged Weapons
  2503 | D:4      | Noticed Duvessa
  2505 | D:4      | Noticed Dowan
  2713 | D:4      | Found a radiant altar of Vehumet.
  2744 | D:4      | Found Fidiurphe's Assorted Antiques.
  2747 | D:4      | Bought a scroll of identify for 52 gold pieces
  3009 | D:5      | Entered Level 5 of the Dungeon
  3040 | D:5      | Reached XP level 7. HP: 50/50 MP: 7/7
  3299 | D:5      | Found a stormy altar of Qazlal.
  3342 | D:5      | Found a blossoming altar of Fedhas.
  3470 | D:5      | Reached skill level 8 in Ranged Weapons
  3470 | D:5      | Reached skill level 3 in Fighting
  3982 | D:5      | Found a staircase to the Ecumenical Temple.
  3988 | Temple   | Entered the Ecumenical Temple
  3999 | Temple   | Became a worshipper of Zin the Law-Giver
  3999 | Temple   | Reached * piety under Zin
  4372 | D:6      | Reached skill level 4 in Fighting
  4457 | D:6      | Reached skill level 2 in Dodging
  4595 | D:6      | Reached XP level 8. HP: 53/60 MP: 8/8
  4676 | D:6      | Reached skill level 3 in Dodging
  4936 | D:6      | Reached skill level 4 in Dodging
  4987 | D:6      | Reached skill level 1 in Invocations
  5111 | D:6      | Gained mutation: You are strong-willed. (Will+) [potion of
                  | mutation]
  5452 | D:6      | Reached skill level 2 in Invocations
  6128 | D:6      | Reached skill level 3 in Invocations
  6128 | D:6      | Reached skill level 1 in Stealth
  6328 | D:7      | Found a white marble altar of Elyvilon.
  6647 | D:4      | Found Ugrah's Antique Weapon Shoppe.
  6966 | D:6      | Reached skill level 2 in Stealth
  7201 | D:7      | Reached skill level 3 in Stealth
  7359 | D:7      | Reached ** piety under Zin
  7511 | D:7      | Found an ornate altar of the Wu Jian Council.
  7599 | D:7      | Reached XP level 9. HP: 57/65 MP: 11/11
  7853 | D:7      | Reached skill level 9 in Ranged Weapons
  8375 | D:8      | HP: 3/65 [steam dragon (4)]
  8377 | D:8      | HP: 1/65 [steam dragon (3)]
  8690 | D:8      | Found a broken altar of Ashenzari.
  8884 | D:8      | Reached skill level 10 in Ranged Weapons
  8919 | D:8      | Found a snail-covered altar of Cheibriados.
  9152 | D:8      | Found a glowing golden altar of the Shining One.
  9673 | D:8      | Noticed Jeremiah
  9797 | D:8      | Reached skill level 11 in Ranged Weapons
 10290 | D:4      | Found Uwoonei's Jewellery Shoppe.
 10522 | D:4      | Killed Dowan
 10533 | D:4      | Killed Duvessa
 10619 | D:4      | Reached XP level 10. HP: 71/71 MP: 12/12
 10630 | D:4      | Found Aro Baymn's Armour Shoppe.
 10633 | D:4      | Found Qyjoq's Assorted Antiques.
 10641 | D:4      | Bought a scroll of identify for 54 gold pieces
 10766 | D:4      | Reached *** piety under Zin
 10871 | D:4      | Upgraded the game from 0.32-a0-913-g739538afd8 to
                  | 0.32-a0-918-g0f22ef8d61
 11216 | D:9      | Found Cheibriados's Comfort Zone.
 11216 | D:9      | Found a snail-covered altar of Cheibriados.
 11221 | D:9      | Fell from the grace of Zin
 11221 | D:9      | Became a worshipper of Cheibriados the Contemplative
 11344 | D:9      | HP: 5/72 [killer bee (7)]
 11346 | D:8      | HP: 2/72 [killer bee (4)]
 11347 | D:8      | Succumbed to a killer bee's poison

Vanquished Creatures
  2 wyverns (D:8)
  A steam dragon (D:8)
  Duvessa (D:4)
  2 orc warriors
  4 sky beasts
  An ogre (D:5)
  2 centaurs (D:7)
  2 kobold brigands
  2 phantoms
  2 bullfrogs
  A gnoll sergeant (D:6)
  4 scorpions
  5 wights (D:8)
  Dowan (D:4)
  3 killer bees (D:8)
  A howler monkey (D:6)
  A bombardier beetle (D:3)
  4 hounds
  2 orc priests
  2 jellies
  3 sleepcaps
  5 iguanas
  7 orc wizards
  6 adders
  2 shadow imps
  2 white imps (D:6)
  2 ufetubi (D:4)
  4 dart slugs
  4 ribbon worms
  23 orcs
  7 endoplasms
  4 giant cockroaches
  10 hobgoblins
  6 jackals
  32 kobolds
  3 quokkas
  6 ball pythons
  6 bats
  A frilled lizard (D:1)
  9 goblins
  4 rats
189 creatures vanquished.

Vanquished Creatures (collateral kills)
  2 killer bees (D:8)
2 creatures vanquished.

Grand Total: 191 creatures vanquished

Table legend: (Time is in decaauts)
 A = Elapsed time spent in this place.
 B = Non-inter-level travel time spent in this place.
 C = Inter-level travel time spent in this place.
 D = Time resting spent in this place.
 E = Time spent auto-exploring this place.
 F = Levels seen in this place.
 G = Mean time per level.
                   A        B        C        D        E       F      G
               +--------+--------+--------+--------+--------+-----+--------+
         Total |  11426 |  10420 |   1006 |   2360 |   5848 |  10 | 1142.6 |
       Dungeon |  11404 |  10419 |    985 |   2360 |   5848 |   9 | 1267.1 |
        Temple |     22 |      1 |     21 |      0 |      0 |   1 |   22.0 |
               +--------+--------+--------+--------+--------+-----+--------+

Top non-repeatable levels by time:
     D:6: 2390 daAuts
     D:8: 1887 daAuts
     D:3: 1517 daAuts
     D:5: 1510 daAuts
     D:7: 1326 daAuts
     D:4: 1271 daAuts
     D:1: 761 daAuts
     D:2: 565 daAuts
     D:9: 173 daAuts
  Temple: 22 daAuts

Table legend:
 A = Non-vault XP
 B = Vault XP
 C = Vault XP percentage of total XP
 D = Non-vault monster count
 E = Vault monster count
 F = Vault count percentage of total count
                 A         B        C        D         E       F
            +---------+---------+-------+---------+---------+-------
      Total |    4192 |     797 |  16.0 |     156 |      35 |  18.3
            +---------+---------+-------+---------+---------+-------
        D:1 |      38 |       6 |  13.6 |      23 |       3 |  11.5
        D:2 |      26 |       0 |   0.0 |      12 |       0 |   0.0
        D:3 |     250 |       0 |   0.0 |      28 |       0 |   0.0
        D:4 |     249 |     374 |  60.0 |      19 |      24 |  55.8
        D:5 |     526 |       0 |   0.0 |      13 |       0 |   0.0
        D:6 |     686 |     256 |  27.2 |      24 |       6 |  20.0
        D:7 |     823 |       0 |   0.0 |      14 |       0 |   0.0
        D:8 |    1594 |     161 |   9.2 |      23 |       2 |   8.0
            +---------+---------+-------+---------+---------+-------
